Map: Orbital Shipyard

Players

wabbajack - Winner!

  • Race: Zerg Zerg
  • League: Grandmaster

GrossBaff

  • Race: Terran Terran

VOD

Have the link to the VOD?

Description

Time

  • Played on: July 15, 2015, 11:50 a.m.
  • Length: 5:28
Show
View Real Time Build Order
Export as new Build Order

wabbajack Zerg - Winner!

Build Orders: Hatch First, Ravager All-In 

Get SALT Encoding   

  12  0:01  Drone  
  13  0:13  Overlord  
  13  0:20  Drone  
  14  0:23  Drone, Extractor  
  15  0:32  Drone  
  16  0:35  Drone  
  17  0:55  Hatchery  
  16  1:00  Drone x2  
  18  1:05  Extractor  
  18  1:08  Drone  
  18  1:19  Drone  
  19  1:25  Spawning Pool  
  19  1:30  Drone  
  19  1:39  Overlord  
  19  1:50  Drone  
  20  2:01  Drone  
  21  2:12  Queen x2  
  21  2:13  Metabolic Boost  
  26  2:15  Zergling x2  
  26  2:18  Drone  
  26  2:20  Drone  
  28  2:26  Drone  
  28  2:29  Drone  
  30  2:34  Drone  
  31  2:37  Roach Warren  
  31  2:41  Drone, Extractor  
  30  2:51  Queen  
  30  2:54  Overlord  
  30  2:56  Drone  
  33  3:12  Overlord  
  33  3:25  Roach x5  
  43  3:36  Roach x2  
  43  3:37  Roach x2  
  51  3:44  Roach, Extractor  
  51  3:48  Overlord  
  53  3:49  Overlord  
  53  4:18  Zergling x20  
  53  4:23  Overlord  
  63  4:33  Overlord  
  63  4:48  Ravager  
  63  4:49  Ravager x4  
  63  4:50  Ravager  
  69  4:56  Zergling x8  
  69  4:57  Zergling x12  
Show
View Real Time Build Order
Export as new Build Order

GrossBaff Terran 

Build Orders:  

Get SALT Encoding   

  12  0:01  SCV  
  13  0:14  SCV  
  14  0:18  Supply Depot  
  14  0:26  SCV  
  15  0:41  SCV  
  16  0:46  Barracks  
  16  0:53  Barracks  
  16  0:55  SCV  
  17  1:07  SCV  
  18  1:30  Command Center  
  18  1:43  Barracks  
  18  1:46  Marine x2  
  20  1:49  SCV  
  21  1:58  Bunker  
  21  2:02  SCV  
  22  2:12  Bunker  
  22  2:17  Marine  
  23  2:24  Supply Depot  
  23  2:36  Orbital Command  
  23  2:41  Marine  
  24  2:44  Marine x2  
  26  2:54  Bunker  
  26  2:55  Orbital Command  
  26  2:59  Marine  
  26  3:04  Marine x2  
  29  3:17  Marine  
  29  3:18  SCV  
  31  3:22  Marine x2  
  33  3:30  SCV  
  34  3:35  Marine  
  34  3:36  Bunker  
  34  3:39  SCV, Marine  
  34  3:40  Marine  
  38  3:51  SCV x2  
  38  3:52  Marine  
  41  3:57  Marine x2  
  43  4:03  SCV x2  
  43  4:05  Bunker  
  45  4:15  SCV  
  45  4:16  Bunker  
  46  4:26  SCV  
  46  4:27  SCV  
  46  4:29  Marine  
  46  4:30  Marine x2  
  46  4:31  Supply Depot  
  51  4:33  Supply Depot  
  51  4:38  SCV  
  52  4:39  SCV  
  53  4:47  Marine  
  56  4:52  SCV x2  
  56  4:53  Marine x2  
  58  5:05  SCV x2  
  61  5:12  Refinery  
  61  5:14  Refinery  
Tags
 
Add a new tag
Caveats
  • Supply blocks, unpowered buildings, or Contaminate may cause inaccurate times.
  • Supply counts are checked every 10 seconds.